 Dungeon Crawl Stone Soup version 0.30-a0-760-g5a9884bb7c (webtiles) character file.

Game seed: 13012541199901537830

5819 kingofthe the Nimble (level 10, -2/56 HPs)
             Began as an Octopode Fire Elementalist on Feb 11, 2023.
             Was a Believer of Sif Muna.
             Slain by Erica
             ... wielding a +3 scimitar of flaming
              (8 damage)
             ... on level 9 of the Dungeon.
             The game lasted 00:51:06 (10895 turns).

kingofthe the Nimble (Octopode Fire Elementalist)  Turns: 10895, Time: 00:51:07

Health: -2/56      AC:  5    Str:  8    XL:     10   Next: 80%
Magic:  4/19       EV: 37    Int: 18    God:    Sif Muna [**....]
Gold:   590        SH:  5    Dex: 16    Spells: 11/21 levels left

rFire   + . .      SeeInvis +    a - staff of fire
rCold   . . .      Faith    .    E - +0 buckler
rNeg    + . .      Spirit   .    (helmet restricted)
rPois   .          Reflect  .    u - amulet of the acrobat
rElec   .          Harm     .    f - +4 ring of protection
rCorr   .          Rampage  .    F - ring of positive energy
Will    .....                    H - +5 ring of evasion
Stlth   ++++                     (no ring)
HPRegen 0.29/turn                (no ring)
MPRegen 0.16/turn                (no ring)
                                 (no ring)
                                 (no ring)

@: lethally poisoned (-2 -> -6), acrobatic, slowed, very slow
A: almost no armour, amphibious, 8 rings, camouflage 1, gelatinous body 1,
(nimble swimmer 1), tentacles, see invisible, screaming 1
a: Renounce Religion, Channel Magic


You were on level 9 of the Dungeon.
You worshipped Sif Muna.
Sif Muna was pleased with you.
You visited 3 branches of the dungeon, and saw 11 of its levels.

You collected 590 gold pieces.

Inventory:

Hand Weapons
 b - a +1 hand axe of electrocution
 y - a +4 spear
 A - a +4 scythe of protection
 D - a +1 spear of venom
 L - a +1 dagger of venom
Armour
 E - a +0 buckler (worn)
Magical Staves
 a - a staff of fire (weapon)
Jewellery
 f - a +4 ring of protection (left tentacle)
 u - an amulet of the acrobat (around mantle)
 F - a ring of positive energy (right tentacle)
 H - a +5 ring of evasion (on tentacle)
 M - an amulet of guardian spirit
 N - an amulet of faith
Wands
 K - a wand of charming (13)
Scrolls
 c - 3 scrolls of poison
 d - a scroll of amnesia {unknown}
 e - 3 scrolls of immolation
 h - 2 scrolls of enchant armour
 i - 2 scrolls of vulnerability
 j - 5 scrolls of identify
 l - 3 scrolls of fear
 m - a scroll of magic mapping
 r - a scroll of brand weapon {unknown}
 s - 6 scrolls of teleportation
 t - 2 scrolls of fog
 w - a scroll of blinking {unknown}
 x - a scroll of silence
 B - a scroll of torment {unknown}
 G - a scroll of summoning {unknown}
Potions
 g - 3 potions of haste
 k - 2 potions of lignification {unknown}
 n - 2 potions of resistance {unknown}
 o - 2 potions of flight {unknown}
 p - a potion of attraction {unknown}
 q - a potion of magic
 v - a potion of heal wounds
 z - a potion of invisibility {unknown}
 C - a potion of degeneration {unknown}
 I - a potion of berserk rage {unknown}
 J - a potion of curing {unknown}


   Skills:
 * Level 8.6 Dodging
 - Level 6.0 Stealth
 + Level 4.2 Shields
 + Level 6.3 Spellcasting
 + Level 6.6 Conjurations
 + Level 7.2 Fire Magic
 * Level 4.4 Invocations


You had 11 spell levels left.
You knew the following spells:

 Your Spells              Type           Power      Damage    Failure   Level
a - Magic Dart            Conj           100%       1d8       1%          1
b - Searing Ray           Conj           58%        2d6       1%          2
c - Foxfire               Conj/Fire      100%       2x1d9     1%          1
d - Scorch                Fire           94%        2d10      1%          2
e - Flame Wave            Conj/Fire      46%        2d12      9%          4

Your spell library contained the following spells:

 Spells                   Type           Power      Damage    Failure   Level
 Inner Flame              Hex/Fire       28%        N/A       10%         3
 Kindle Blastsparks       Fire/Tloc/Air  42%        2d13      16%         3
 Fulminant Prism          Conj/Hex       8%         3d6       36%         4
 Ozocubu's Armour         Ice            5%         N/A       41%         3
 Ozocubu's Refrigeration  Ice            2%         4d8       100%        7


Dungeon Overview and Level Annotations

Branches:
Dungeon (9/15)             Temple (1/1) D:4            Lair (1/5) D:8
    Orc: D:9-12

Altars:
Ashenzari
Cheibriados
Elyvilon
Fedhas
Gozag
Hepliaklqana
Kikubaaqudgha
Makhleb
Nemelex Xobeh
Qazlal
Ru
Sif Muna
Trog
Uskayaw
Vehumet
Wu Jian
Xom
Yredelemnul
Zin
The Shining One

Shops:
D:4 !   D:5 *   D:7 =

Annotations:
D:2 1 runed translucent door, Crazy Yiuf
D:4 3 runed translucent doors, IdlyInterested's ghost, novice FoFi; indyram44's ghost, amateur DsFi; scionoferis's ghost, amateur DgHs
D:9 Erica


Innate Abilities, Weirdness & Mutations

You cannot wear most types of armour.
You are amphibious.
You can wear up to eight rings at the same time.
Your skin changes colour to match your surroundings (Stealth+).
Your rubbery body absorbs attacks. (AC +1, EV +1)
((You are camouflaged when in or above water. (Stealth+)))
You have tentacles for arms and can constrict up to eight enemies at once.
You have supernaturally acute eyesight. (SInv)
You occasionally shout uncontrollably at your foes.


Message History

The flame wave engulfs Erica.
Erica resists.
Erica is moderately wounded. (Press . to intensify the flame waves.) Erica closely misses you.
A wave of flame ripples out!
The flame wave engulfs Erica!
Erica resists.
Erica is heavily wounded.
Erica points at you and mumbles some strange words.
You block the lance of force. Erica completely misses you.
A wave of flame ripples out!
The flame wave engulfs Erica.
Erica resists.
Erica is heavily wounded.
You finish channelling waves of flame.
Erica casts a spell at you. The bolt of poison hits you!!
You are poisoned.
Casting: Flame Wave (dangerous; 9% risk of failure)
Confirm with . or Enter, or press ? or * to list all spells.
Casting: Flame Wave (dangerous; 9% risk of failure)
Press: ? - help, Dir - look around, f - activate You feel a surge of power!
A wave of flame ripples out!
The flame wave engulfs Erica.
Erica resists.
Erica is heavily wounded. (Press . to intensify the flame waves.)
You feel very sick.
Erica hits you with a +3 scimitar of flaming!
Erica burns you.
Erica hits you with a +3 scimitar of flaming!
* * * LOW HITPOINT WARNING * * *
Erica burns you.
* * * LOW HITPOINT WARNING * * *
A wave of flame ripples out!
The flame wave engulfs Erica!
Erica resists.
Erica is heavily wounded.
* * * LOW HITPOINT WARNING * * *
You feel very sick. You block Erica's attack.
A wave of flame ripples out!
The flame wave engulfs Erica!
Erica resists.
Erica is severely wounded.
You finish channelling waves of flame.
You feel sick. Erica completely misses you.
Erica hits you with a +3 scimitar of flaming!
You die...

### ############## .<#
#########............# ..#
#.........##########.#
..#####.######...## #.#
........#####..@@.#### #.#
).####...............# #.#
..####.######.....##.# #.#
.......#
*#.....###.#####.#
########
*#..##.####.#...#.#####
#..#*#.....@..#.......#
######* #.#*
#.###.##...#####.#
..>...***##,**###*#.*##.##
*,* #####..,,,**,*,*,,..*
#.# *,*


You could see Erica (invisible).

Vanquished Creatures
  Joseph (D:7)
  A kobold demonologist (D:8)
  A hornet (D:9)
  A troll (D:9)
  2 blink frogs (Lair:1)
  Sigmund (D:6)
  2 wyverns
  A steam dragon (D:6)
  Edmund (D:6)
  2 water moccasins
  3 orc warriors
  3 ice beasts
  5 centaurs
  An ogre (D:6)
  A phantom (D:7)
  A kobold brigand (D:7)
  7 bullfrogs
  A gnoll sergeant (D:6)
  2 scorpions
  A necrophage (D:5)
  13 wights
  2 howler monkeys (D:9)
  6 orc priests
  3 hounds
  2 jellies
  An iguana (D:7)
  11 orc wizards
  4 gnolls (D:6)
  10 adders
  A white imp (D:7)
  An ufetubus (D:7)
  2 dart slugs
  28 orcs
  7 bats
  9 endoplasms
  3 giant cockroaches
  4 goblins
  7 hobgoblins
  6 jackals
  4 quokkas
  4 ball pythons
  4 frilled lizards
  11 kobolds
  6 rats
187 creatures vanquished.

Vanquished Creatures (others)
  724 foxfires
  5 plants
  4 withered plants (D:4)
733 creatures vanquished.

Grand Total: 920 creatures vanquished

Notes
Turn   | Place    | Note
-------+----------+-------------------------------------------
     0 | D:1      | kingofthe the Octopode Fire Elementalist began the quest
                  | for the Orb.
     0 | D:1      | Reached XP level 1. HP: 11/11 MP: 3/3
   143 | D:1      | Reached XP level 2. HP: 17/17 MP: 1/5
   569 | D:1      | Reached XP level 3. HP: 21/21 MP: 3/6
  1086 | D:2      | Found a runed translucent door.
  1087 | D:2      | Noticed Crazy Yiuf
  1296 | D:2      | Identified the +1 robe "Vedwel" {Slay+3}
  1787 | D:2      | Learned a level 2 spell: Scorch
  2171 | D:3      | Learned a level 1 spell: Magic Dart
  2174 | D:3      | Learned a level 2 spell: Searing Ray
  2313 | D:3      | Reached XP level 4. HP: 27/27 MP: 2/7
  2491 | D:3      | Reached XP level 5. HP: 31/31 MP: 1/9
  2828 | D:4      | Found a runed translucent gate.
  2828 | D:4      | Found a runed translucent gate.
  2828 | D:4      | Found a runed translucent gate.
  2887 | D:4      | Reached skill level 3 in Dodging
  2903 | D:4      | Found a stormy altar of Qazlal.
  3092 | D:4      | Found Yduriuhumm's Distillery.
  3117 | D:4      | Found a staircase to the Ecumenical Temple.
  3124 | Temple   | Entered the Ecumenical Temple
  3135 | Temple   | Became a worshipper of Sif Muna the Loreminder
  3184 | D:4      | Noticed IdlyInterested's ghost (novice FoFi)
  3184 | D:4      | Noticed scionoferis's ghost (amateur DgHs)
  3184 | D:4      | Noticed indyram44's ghost (amateur DsFi)
  3413 | D:4      | Found a bloodstained altar of Trog.
  3598 | D:5      | Entered Level 5 of the Dungeon
  3653 | D:5      | Noticed a water moccasin
  3661 | D:5      | Reached XP level 6. HP: 21/36 MP: 3/10
  3667 | D:5      | Gained mutation: Your muscles are strong. (Str +4, Int/Dex
                  | -1) [potion of mutation]
  3667 | D:5      | Gained mutation: You have hidden genetic defects. [potion
                  | of mutation]
  3667 | D:5      | Gained mutation: You occasionally shout uncontrollably at
                  | your foes. [potion of mutation]
  3688 | D:4      | Killed a water moccasin
  3689 | D:4      | Reached skill level 5 in Stealth
  3709 | D:4      | Gained mutation: You do not regenerate when monsters are
                  | visible. [hidden defects]
  3710 | D:4      | Lost mutation: You do not regenerate when monsters are
                  | visible. [potion of mutation]
  3710 | D:4      | Lost mutation: Your muscles are strong. (Str +4, Int/Dex
                  | -1) [potion of mutation]
  3710 | D:4      | Lost mutation: You have hidden genetic defects. [potion of
                  | mutation]
  3710 | D:4      | Gained mutation: You have supernaturally acute eyesight.
                  | (SInv) [potion of mutation]
  3813 | D:5      | Reached XP level 7. HP: 41/41 MP: 7/12
  3871 | D:5      | Found Loest's Assorted Antiques.
  4677 | D:5      | Reached skill level 4 in Dodging
  5017 | D:6      | Noticed a steam dragon
  5203 | D:6      | Reached XP level 8. HP: 39/46 MP: 5/14
  5309 | D:6      | Reached skill level 5 in Fire Magic
  5605 | D:6      | Reached skill level 5 in Dodging
  6081 | D:6      | Noticed Sigmund
  6087 | D:6      | Killed Sigmund
  6133 | D:6      | Noticed Edmund
  6147 | D:6      | Killed Edmund
  6148 | D:6      | Reached skill level 6 in Dodging
  6148 | D:6      | Reached skill level 5 in Spellcasting
  6148 | D:6      | Reached skill level 5 in Conjurations
  6148 | D:6      | Reached XP level 9. HP: 14/51 MP: 0/16
  6610 | D:6      | Reached * piety under Sif Muna
  6920 | D:7      | Found Esenix's Jewellery Shop.
  6971 | D:7      | Noticed Joseph
  6988 | D:7      | Killed Joseph
  6989 | D:7      | Reached skill level 1 in Shields
  7003 | D:7      | Reached skill level 7 in Dodging
  7777 | D:7      | Reached skill level 1 in Invocations
  8001 | D:7      | Reached XP level 10. HP: 56/56 MP: 13/18
  8331 | D:8      | Noticed a kobold demonologist
  8337 | D:8      | Noticed an orange demon
  8401 | D:8      | Killed a kobold demonologist
  8850 | D:8      | Found a staircase to the Lair.
  8886 | D:8      | Reached ** piety under Sif Muna
  9257 | D:8      | Reached skill level 8 in Dodging
  9886 | D:8      | Learned a level 4 spell: Flame Wave
  9887 | Lair:1   | Entered Level 1 of the Lair of Beasts
  9965 | Lair:1   | Noticed a cane toad
 10853 | D:9      | Noticed Erica
 10895 | D:9      | Slain by Erica

Illustrated notes

Levels and vault maps discovered:
D:1:      saegor_arrival_simple_e, layout_basic,
          hangedman_abyss_or_decor_lesser_grid
D:2:      layout_loops_ring, serial_forest, infiniplex_forest_clump_tiny,
          infiniplex_forest_lined_room_2, infiniplex_forest_corner_1,
          infiniplex_forest_clump_diagonal, infiniplex_forest_zigzag_1,
          infiniplex_forest_lined_2, infiniplex_forest_clump_small,
          nicolae_hexahallways, uniq_crazy_yiuf_cottage
D:3:      layout_rooms, st_stairs_10
D:4:      layout_cave_pools, grunt_temple_overflow_open,
          minmay_temple_entry_gardened_gates, serial_shops,
          nicolae_shop_statue_plus, gammafunk_ghost_cemetery,
          minmay_misc_feat_pillars, kennysheep_minor_cross,
          kennysheep_another_room
D:5:      layout_basic, serial_shops, shop
D:6:      layout_basic, sigmund_edmund_badplayer
D:7:      layout_basic, serial_shops, shop, minmay_tree_intersection,
          uniq_joseph
D:8:      layout_loops_ring, lair_entry_dummy, st_stairs_8
D:9:      layout_loops_ring, enter_bailey_6, amethyst_killhole, uniq_erica
Temple:   nicolae_temple_no_exploring_needed
Lair:1:   layout_misc_corridors, cheibrodos_lair_caveside_slide, wad_woods_02,
          serial_bayou_shore_a, infiniplex_staircase_pool_2

Skill      XL: |  1  2  3  4  5  6  7  8  9 10 |
---------------+-------------------------------+-----
Stealth        | 3 4 5 6 |  6.0
Conjurations   | 2 3 5 6 |  6.6
Dodging        | 3 4 6 7 8 |  8.6
Spellcasting   | 3 4 5 6 |  6.3
Fire Magic     | 4 5 6 7 |  7.2
Shields        | 3 4 |  4.2
Invocations    | 1 4 |  4.4

Action                     |  1- 3 |  4- 6 |  7- 9 | 10-12 || total
---------------------------+-------+-------+-------+-------++-------
  Melee: Hand axe          |     2 |    19 |       |       ||    21
         Constrict         |       |    11 |     1 |     2 ||    14
         Tentacles         |       |     8 |     1 |     1 ||    10
         Staff             |       |    14 |     4 |     6 ||    24
   Cast: Foxfire           |    63 |    70 |   218 |    80 ||   431
         Scorch            |       |       |    21 |    47 ||    68
         Flame Wave        |       |       |       |     7 ||     7
         Magic Dart        |       |       |       |     1 ||     1
    Use: Potion            |       |     5 |     1 |       ||     6
         Scroll            |       |       |     6 |     5 ||    11
   Stab: Sleeping          |     1 |       |       |       ||     1
 Armour: Skin              |       |    15 |    12 |     6 ||    33
  Dodge: Dodged            |     5 |    54 |    60 |    70 ||   189
  Block: Buckler           |       |       |     8 |    20 ||    28

Table legend: (Time is in decaauts)
 A = Elapsed time spent in this place.
 B = Non-inter-level travel time spent in this place.
 C = Inter-level travel time spent in this place.
 D = Time resting spent in this place.
 E = Time spent auto-exploring this place.
 F = Levels seen in this place.
 G = Mean time per level.
                   A        B        C        D        E       F      G
               +--------+--------+--------+--------+--------+-----+--------+
         Total |  10904 |  10069 |    835 |   2025 |   6191 |  11 |  991.3 |
       Dungeon |  10791 |   9962 |    829 |   2025 |   6129 |   9 | 1199.0 |
        Temple |     18 |     12 |      6 |      0 |      0 |   1 |   18.0 |
          Lair |     93 |     93 |      0 |      0 |     62 |   1 |   93.0 |
               +--------+--------+--------+--------+--------+-----+--------+

Top non-repeatable levels by time:
     D:6: 1853 daAuts
     D:8: 1742 daAuts
     D:7: 1462 daAuts
     D:5: 1145 daAuts
     D:4: 1002 daAuts
     D:1: 1001 daAuts
     D:2: 976 daAuts
     D:3: 905 daAuts
     D:9: 703 daAuts
  Lair:1: 93 daAuts
  Temple: 18 daAuts
